 Dungeon Crawl Stone Soup version 0.28-a0-1567-g1695149f81 (webtiles) character file.

Game seed: 6541310467907305757

50 croobank the Insei (level 3, 0/24 HPs)
             Began as an Octopode Transmuter on Jan 19, 2022.
             Slain by an endoplasm (3 damage)
             ... on level 2 of the Dungeon.
             The game lasted 00:03:46 (1211 turns).

croobank the Insei (Octopode Transmuter)            Turns: 1211, Time: 00:03:47

Health: 0/24       AC:  1    Str: 11    XL:     3   Next: 79%
Magic:  4/6        EV: 13    Int: 15    God:
Gold:   22         SH:  0    Dex: 12    Spells: 0/6 levels left

rFire   . . .      SeeInvis .   b - +0 dagger (drain)
rCold   . . .      Faith    .   (no shield)
rNeg    . . .      Spirit   .   (helmet currently unavailable)
rPois   .          Reflect  .   (no amulet)
rElec   .          Harm     .   (no ring)
rCorr   .          Rampage  .   (no ring)
Will    .....                   (no ring)
Stlth   ++........              (no ring)
HPRegen 0.08/turn               (no ring)
MPRegen 0.10/turn               (no ring)
                                (no ring)
                                (no ring)

@: appendages
A: tentacle spike 3, almost no armour, amphibious, 8 rings, camouflage 1,
gelatinous body 1, (nimble swimmer 1), tentacles
a: End Transformation


You were on level 2 of the Dungeon.
One of your tentacles had grown a beastly spike.
You visited 1 branch of the dungeon, and saw 2 of its levels.

You collected 22 gold pieces.

Inventory:

Hand Weapons
 a - a +0 whip
 b - a +0 dagger of draining (weapon)
 d - a +0 dagger of speed
Missiles
 e - 2 throwing nets
Potions
 c - a potion of curing {unknown}


   Skills:
 + Level 1.7 Fighting
 + Level 1.1 Short Blades
 - Level 0.1 Maces & Flails
 + Level 2.4 Dodging
 - Level 3.0 Unarmed Combat
 + Level 2.3 Spellcasting
 + Level 2.5 Transmutations


You couldn't memorise any spells.
You knew the following spells:

 Your Spells              Type           Power      Damage    Failure   Level
a - Beastly Appendage     Tmut           18%        N/A       8%          1
b - Wereblood             Tmut           9%         N/A       12%         2
c - Spider Form           Tmut/Pois      5%         N/A       36%         3

Your spell library contained the following spells:

 Spells                   Type           Power      Damage    Failure   Level
 Ice Form                 Ice/Tmut       5%         N/A       77%         4


Dungeon Overview and Level Annotations

Branches:
Dungeon (2/15)

Altars:


Innate Abilities, Weirdness & Mutations

One of your tentacles has grown a beastly spike.
You cannot wear most types of armour.
You are amphibious.
You can wear up to eight rings at the same time.
Your skin changes colour to match your surroundings (Stealth+).
Your rubbery body absorbs attacks. (AC +1, EV +1)
((You are camouflaged when in or above water. (Stealth+)))
You have tentacles for arms and can constrict up to eight enemies at once.


Message History

The kobold drinks a potion.
The kobold seems to speed up.
The worm bites you!
You see here a hobgoblin corpse.
You hit the worm.
The worm is moderately wounded.
You hit the worm.
The worm is heavily wounded.
The worm closely misses you. The kobold closely misses you.
You hit the worm.
The worm is poisoned.
The worm is severely wounded.
The kobold barely misses you. The worm bites you!
You hit the worm but do no damage.
The worm looks even sicker.
The worm is heavily wounded.
The kobold hits you with a +0 club.
* * * LOW HITPOINT WARNING * * *
The kobold completely misses you.
Your transformation has ended.
Your +0 dagger of draining unmelds from your body.
You sense an unholy aura.
The kobold misses you. The kobold barely misses you.
You barely miss the kobold. Your grab misses the kobold.
The kobold hits you with a +0 club.
* * * LOW HITPOINT WARNING * * *
The kobold hits you with a +0 club.
* * * LOW HITPOINT WARNING * * *
You hit the kobold. You grab the kobold. You squeeze the kobold.
You kill the kobold!
A frilled lizard comes into view.
An endoplasm comes into view.
A rat comes into view.
Found a scroll labelled SASHIAFO CAJE.
Found a stone staircase leading up.
The endoplasm quivers.
You feel a bit more experienced.
A worm comes into view.
You see here a scroll labelled SASHIAFO CAJE.
Casting: Spider Form (extremely dangerous; 36% risk of failure)
Confirm with . or Enter, or press ? or * to list all spells.
One of your tentacles grows a vicious spike.
The endoplasm hits you.
You die...

#.###.###.##...(..
..........#......
.###.###.##........
.w........#.#......
#.###.##...#......
.......#.#.#......
##.##.l.#........
#...#J#.#.#......
#..@#...#....##
#...#.#.#.#.r....
##.##...#......#.
... ..#.#.#.####
#.# .##.. ... ...
.. .#. ### .## ##
.. ##


You could see a worm (asleep), an endoplasm and a frilled lizard.

Vanquished Creatures
  A gnoll (D:1)
  A worm (D:2)
  4 dart slugs (D:1)
  An endoplasm (D:1)
  A giant cockroach (D:1)
  3 goblins (D:1)
  A hobgoblin (D:2)
  A quokka (D:1)
  6 ball pythons (D:1)
  A bat (D:1)
  2 frilled lizards (D:1)
  6 kobolds
  A rat (D:1)
29 creatures vanquished.

Notes
Turn   | Place    | Note
-------+----------+-------------------------------------------
     0 | D:1      | croobank the Octopode Transmuter began the quest for the
                  | Orb.
     0 | D:1      | Reached XP level 1. HP: 13/13 MP: 3/3
   383 | D:1      | Reached XP level 2. HP: 17/18 MP: 3/5
   672 | D:1      | Reached XP level 3. HP: 23/23 MP: 4/6
   907 | D:1      | Reached skill level 1 in Short Blades
   911 | D:1      | Learned a level 2 spell: Wereblood
   959 | D:1      | Learned a level 3 spell: Spider Form
  1118 | D:1      | Found a faded altar of an unknown god.
  1211 | D:2      | Slain by an endoplasm

Illustrated notes

Levels and vault maps discovered:
D:1:      minmay_arrival_plants_in_alcoves, layout_loops_cross,
          dilly_ecumenical_altar_fadedgnrine
D:2:      layout_basic, nicolae_concentric_dashed_squares_wild,
          kennysheep_generic_room_5

Skill      XL: |  1  2  3 |
---------------+----------+-----
Short Blades   | 1 |  1.1
Fighting       | |  1.7
Maces & Flails | |  0.1
Dodging        | |  2.4
Unarmed Combat | |  3.0
Spellcasting   | |  2.3
Transmutations | |  2.5

Action                   || total
-------------------------++-------
Melee: Dagger            ||    43
       Constrict         ||    20
       Tentacles         ||    13
       Kick              ||    13
       Whip              ||     4
       Unarmed           ||     8
       Punch             ||     1
 Cast: Beastly Appendage ||    13
       Spider Form       ||     1
 Stab: Sleeping          ||     2
Armor: Skin              ||     6
Dodge: Dodged            ||    29

Table legend: (Time is in decaauts)
 A = Elapsed time spent in this place.
 B = Non-inter-level travel time spent in this place.
 C = Inter-level travel time spent in this place.
 D = Time resting spent in this place.
 E = Time spent auto-exploring this place.
 F = Levels seen in this place.
 G = Mean time per level.
                   A        B        C        D        E       F      G
               +--------+--------+--------+--------+--------+-----+--------+
         Total |   1208 |   1174 |     34 |    254 |    718 |   2 |  604.0 |
       Dungeon |   1208 |   1174 |     34 |    254 |    718 |   2 |  604.0 |
               +--------+--------+--------+--------+--------+-----+--------+

Top non-repeatable levels by time:
     D:1: 1153 daAuts
     D:2: 55 daAuts
